 Dungeon Crawl Stone Soup version 0.16.1-2-g95b8d4c (console) character file.

530 Monkaria the Slasher (level 7, -3/63 HPs)
             Began as a Minotaur Skald on Mar 25, 2015.
             Was an Initiate of Fedhas.
             Slain by an iron imp (7 damage)
             ... summoned by Eustachio
             ... on level 4 of the Dungeon.
             The game lasted 00:08:09 (3658 turns).

Monkaria the Slasher (Minotaur Skald)               Turns: 3658, Time: 00:08:09

Health: -3/63      AC:  4    Str: 21    XL:     7   Next: 3%
Magic:  0/6        EV: 11    Int:  7    God:    Fedhas [......]
Gold:   181        SH:  0    Dex: 12    Spells: 1 memorised, 7 levels left

rFire  . . .     SeeInvis .     a - +0 falchion
rCold  . . .     Clarity  .     b - +0 leather armour
rNeg   . . .     SustAb   .     (no shield)
rPois  .         Gourm    .     (helmet restricted)
rElec  .         Spirit   +     (no cloak)
rCorr  .         Warding  .     s - +0 pair of gloves
rMut   .         Rnd*Tele +     (no boots)
MR     .....                    q - amulet of guardian spirit
Stlth  +.........               (no ring)
                                j - ring of teleportation (curse)

@: mighty, very slightly contaminated, not resistant to hostile enchantments,
very unstealthy
A: retaliatory headbutt, horns 2, dopey 1, no device heal 1
a: Renounce Religion, Evoke Teleportation


You were on level 4 of the Dungeon.
You worshipped Fedhas.
Fedhas was noncommittal.
You were hungry.

You visited 1 branch of the dungeon, and saw 4 of its levels.

You collected 181 gold pieces.

Inventory:

Hand weapons
 a - a +0 falchion (weapon)
Armour
 b - a +0 leather armour (worn)
 s - a +0 pair of gloves (worn)
Jewellery
 i - an uncursed amulet of faith
 j - a cursed ring of teleportation (left hand)
 q - an amulet of guardian spirit (around neck)
Scrolls
 e - a scroll of teleportation
 l - a scroll of recharging
Potions
 k - a potion of brilliance
Books
 c - a book of Battle

   Spells                             Type                      Level
   a - Infusion                       Charms                       1
   b - Shroud of Golubria             Charms/Translocation         2
   c - Song of Slaying                Charms                       2
   d - Spectral Weapon                Hexes/Charms                 3
   e - Regeneration                   Charms/Necromancy            3
Comestibles
 d - 3 bread rations
 h - 2 fruits
 m - a slice of pizza


   Skills:
 - Level 6.1 Fighting
 - Level 6.3 Long Blades
 + Level 3.6 Armour
 - Level 1.1 Dodging
 - Level 1.3 Spellcasting
 - Level 2.0 Charms


You had 7 spell levels left.
You knew the following spells:

 Your Spells              Type           Power        Failure   Level  Hunger
a - Infusion              Chrm           #.....       24%         1    ##.....


Dungeon Overview and Level Annotations

Branches:
Dungeon (4/15)
 Temple: D:4-7

Altars:
Dithmenos
Fedhas
Kikubaaqudgha
Zin
The Shining One

Annotations:
D:4 Eustachio


Innate Abilities, Weirdness & Mutations

You reflexively headbutt those who attack you in melee.
You have a pair of horns on your head.
You are dopey. (Int -2)
Potions and wands are less effective at restoring your health.


Message History

* * * LOW HITPOINT WARNING * * *
You hit Eustachio but do no damage.
Eustachio is almost dead.
The white imp hits you but does no damage.
Eustachio barely misses you. The shadow imp hits you.
* * * LOW HITPOINT WARNING * * *
Unknown command.
Unknown command.
Drink which item? (? for menu, Esc to quit)
You feel very mighty all of a sudden. The white imp closely misses you.
The iron imp closely misses you. Eustachio hits you with a rapier.
* * * LOW HITPOINT WARNING * * *
The shadow imp hits you but does no damage.
You hit Eustachio.
Eustachio is almost dead.
The white imp hits you but does no damage.
The iron imp hits you!
You die...
Fedhas appreciates your contribution to the ecosystem.

#.......##............
#.......##............
###.....................
#.......................
#.......................
#......###'#............
#.............######....
#......55..#............
#...#..@@...............
#...#...5..........#####
#.................
#................
#<........#......
#.........#......
.........#.....
#.......# ... .......#
..


You could see Eustachio, an iron imp, a white imp and a shadow imp.

Vanquished Creatures
  An ogre (D:4)
  A scorpion (D:4)
  3 vampire bats (D:4)
  A crimson imp (D:4)
  An orc wizard (D:3)
  An iguana (D:4)
  A worker ant (D:4)
  4 adders
  A giant mite (D:4)
  A river rat (D:4)
  3 worms
  An adder skeleton (D:4)
  3 giant geckos
  7 orcs
  12 bats
  3 bat skeletons (D:4)
  2 bat zombies (D:4)
  6 giant cockroaches
  8 hobgoblins
  A jackal (D:1)
  2 ball pythons
  A giant gecko skeleton (D:4)
  7 giant newts
  9 goblins
  4 kobolds
  A quokka skeleton (D:4)
  16 rats
101 creatures vanquished.

Vanquished Creatures (others)
  7 toadstools (D:4)
7 creatures vanquished.

Grand Total: 108 creatures vanquished

Notes
Turn   | Place    | Note
--------------------------------------------------------------
     0 | D:1      | Monkaria, the Minotaur Skald, began the quest for the Orb.
     0 | D:1      | Reached XP level 1. HP: 18/18 MP: 2/2
   140 | D:1      | Reached skill level 3 in Fighting
   204 | D:1      | Reached XP level 2. HP: 16/26 MP: 2/2
   673 | D:1      | Reached skill level 4 in Fighting
   799 | D:1      | Reached XP level 3. HP: 33/33 MP: 3/3
  1605 | D:3      | Reached XP level 4. HP: 9/40 MP: 4/4
  2083 | D:3      | Reached skill level 5 in Long Blades
  2238 | D:3      | Gained mutation: Potions and wands are less effective at restoring your health. [potion of mutation]
  2238 | D:3      | Gained mutation: You are dopey. (Int -2) [potion of mutation]
  2299 | D:3      | Found a glowing golden altar of the Shining One.
  2392 | D:3      | Reached XP level 5. HP: 24/46 MP: 4/4
  2411 | D:3      | Found a glowing silver altar of Zin.
  2411 | D:3      | Found a blossoming altar of Fedhas.
  2491 | D:3      | Became a worshipper of Fedhas Madash
  2739 | D:4      | Found a shadowy altar of Dithmenos.
  2825 | D:4      | Noticed an ogre
  2875 | D:4      | Reached skill level 6 in Long Blades
  2953 | D:4      | HP: 2/46 [poisoned by a scorpion]
  3257 | D:4      | Reached XP level 6. HP: 19/55 MP: 3/5
  3292 | D:4      | Killed an ogre
  3292 | D:4      | Reached skill level 5 in Fighting
  3543 | D:4      | Found an ancient bone altar of Kikubaaqudgha.
  3560 | D:4      | Reached XP level 7. HP: 55/63 MP: 4/6
  3626 | D:4      | Noticed Eustachio
  3657 | D:4      | HP: 3/63 [Eustachio/rapier (3)]
  3658 | D:4      | Slain by an iron imp

Action                   |  1- 3 |  4- 6 |  7- 9 || total
-------------------------+-------+-------+-------++-------
Melee: Falchion          |   102 |   145 |    20 ||   267
 Cast: Infusion          |       |       |     1 ||     1
  Use: Scroll            |     4 |     3 |       ||     7
       Potion            |       |    11 |     1 ||    12
  Eat: Chunk             |     1 |     8 |       ||     9
